 Dungeon Crawl Stone Soup version 0.29.1-2-gbd0b4ee654 (webtiles) character file.

Game seed: 7847918062845174729

96348 croobank the Covert (level 15, -2/122 HPs)
             Began as a Demonspawn Conjurer on Nov 29, 2022.
             Was an Initiate of Gozag.
             Shot with a bolt by a naga sharpshooter (20 damage)
             ... on level 1 of the Snake Pit.
             The game lasted 03:19:12 (37084 turns).

croobank the Covert (Demonspawn Conjurer)          Turns: 37084, Time: 03:19:12

Health: -2/122     AC: 20    Str:  9    XL:     15   Next: 68%
Magic:  32/39      EV: 19    Int: 21    God:    Gozag
Gold:   4535       SH:  0    Dex: 20    Spells: 12/36 levels left

rFire   + + +      SeeInvis .   X - +6 short sword "Xups" {vorpal, rElec Str+2 Int-5 Dex+7}
rCold   + + .      Faith    .   (no shield)
rNeg    + . .      Spirit   .   U - +4 troll leather armour
rPois   +          Reflect  .   N - -2 hat of the Alchemist {rElec rPois rF+ rC+ rN+ Will+ rMut rCorr}
rElec   +          Harm     .   L - +2 cloak
rCorr   +          Rampage  .   i - +1 pair of gloves
rMut    +                       (boots unavailable)
Will    ++...                   (no amulet)
Stlth   +++++.....              I - ring of protection from fire
HPRegen 1.10/turn               M - ring of magical power
MPRegen 0.26/turn

@: brilliant, resistant, gold aura, sanguine armoured, hasted, invisible, very
quick
A: hooves 3, ignite blood 2, black mark, sanguine armour 2, demonic magic 2,
bedeviling
a: Renounce Religion, Potion Petition, Call Merchant, Bribe Branch


You were on level 1 of the Snake Pit.
You worshipped Gozag.
Gozag was most pleased with you.
You visited 5 branches of the dungeon, and saw 24 of its levels.

You collected 7758 gold pieces.
You spent 2297 gold pieces at shops.
You paid 926 gold pieces to Gozag.

Inventory:

Hand Weapons
 a - a +2 dagger of venom
 p - a +0 dagger of electrocution
 B - a +1 broad axe
 P - a +3 war axe
 X - the +6 short sword "Xups" (weapon) {vorpal, rElec Str+2 Int-5 Dex+7}
   (You took it off an orc on level 12 of the Dungeon)

   It inflicts extra damage upon your enemies.
   Str:       It affects your strength (+2).
   Int:       It affects your intelligence (-5).
   Dex:       It affects your dexterity (+7).
   rElec:     It insulates you from electricity.
 Y - a +4 scimitar of flaming
Missiles
 c - 13 boomerangs
Armour
 i - a +1 pair of gloves (worn)
 L - a +2 cloak (worn)
 N - the -2 hat of the Alchemist (worn) {rElec rPois rF+ rC+ rN+ Will+ rMut rCorr}
   (You bought it in a shop on level 11 of the Dungeon)

   rF:        It protects you from fire.
   rC:        It protects you from cold.
   rElec:     It insulates you from electricity.
   rPois:     It protects you from poison.
   rN:        It protects you from negative energy.
   rCorr:     It protects you from acid and corrosion.
   rMut:      It protects you from mutation.
   Will:      It increases your willpower.
 U - a +4 troll leather armour (worn)
Jewellery
 n - a ring of ice
 o - a ring of see invisible
 t - a ring of wizardry
 x - a +4 ring of evasion
 C - an amulet of guardian spirit
 G - a +6 ring of strength
 I - a ring of protection from fire (left hand)
 K - a ring of positive energy
 M - a ring of magical power (right hand)
 W - a +6 ring of dexterity
 Z - a +6 ring of intelligence
Wands
 d - a wand of light (18)
 w - a wand of flame (29)
 J - a wand of digging (5)
 O - a wand of roots (10)
 R - a wand of mindburst (16)
 S - a wand of paralysis (17)
Scrolls
 e - 3 scrolls of amnesia
 g - 2 scrolls of blinking
 j - a scroll of butterflies
 k - a scroll of silence
 q - a scroll of magic mapping
 r - a scroll of vulnerability
 E - 2 scrolls of immolation
 H - a scroll of poison
 Q - 3 scrolls of fear
 T - 8 scrolls of identify
 V - 6 scrolls of teleportation
Potions
 b - 4 potions of mutation
 h - 10 potions of curing
 l - 5 potions of lignification
 m - 3 potions of ambrosia
 s - 4 potions of cancellation
 u - 5 potions of attraction
 v - 2 potions of haste
 A - a potion of invisibility
 D - 2 potions of brilliance
 F - a potion of flight
Miscellaneous
 f - a box of beasts
 y - a lightning rod (4/4)


   Skills:
 + Level 12.7 Fighting
 + Level 11.9 Dodging
 - Level 12.8 Stealth
 + Level 11.1 Spellcasting
 - Level 10.0 Conjurations
 - Level 5.0 Hexes
 * Level 5.8 Summonings
 - Level 5.0 Translocations
 - Level 7.0 Poison Magic


You had 12 spell levels left.
You knew the following spells:

 Your Spells              Type           Power      Damage    Failure   Level
a - Magic Dart            Conj           100%       1d8       1%          1
b - Searing Ray           Conj           100%       2d8       1%          2
c - Dazzling Flash        Conj/Hex       100%       N/A       1%          3
d - Iskenderun's Mystic   Conj/Tloc      59%        2d12      3%          4
e - Poisonous Vapours     Pois/Air       78%        N/A       3%          2
f - Beastly Appendage     Tmut           34%        N/A       9%          1
g - Olgreb's Toxic Radia  Pois           57%        N/A       4%          4
h - Wereblood             Tmut           17%        N/A       12%         2
i - Summon Mana Viper     Hex/Summ       67%        N/A       24%         5

Your spell library contained the following spells:

 Spells                   Type           Power      Damage    Failure   Level
 Sting                    Tmut/Pois      100%       1d8       1%          1
 Fulminant Prism          Conj/Hex       38%        3d18      3%          4
 Spider Form              Tmut/Pois      39%        N/A       6%          3
 Freeze                   Ice            68%        1d8       9%          1
 Flame Wave               Conj/Fire      48%        2d12      11%         4
 Hailstorm                Conj/Ice       48%        3d11      11%         4
 Scorch                   Fire           34%        2d7       12%         2
 Sublimation of Blood     Necr           17%        N/A       12%         2
 Frozen Ramparts          Ice            34%        1d6       24%         3
 Ozocubu's Armour         Ice            17%        N/A       24%         3
 Summon Ice Beast         Ice/Summ       35%        N/A       24%         4
 Irradiate                Conj/Tmut      24%        3d19      28%         5
 Freezing Cloud           Conj/Ice/Air   19%        6-21      50%         5
 Petrify                  Tmut/Erth      17%        N/A       63%         4
 Summon Cactus Giant      Summ           26%        N/A       75%         6
 Starburst                Conj/Fire      24%        6d8       85%         6
 Monstrous Menagerie      Summ           26%        N/A       99%         7
 Ozocubu's Refrigeration  Ice            8%         4d9       100%        7
 Polar Vortex             Ice            8%         N/A       100%        9
 Simulacrum               Ice/Necr       Unusable   N/A       N/A         6

Dungeon Overview and Level Annotations

Branches:
Dungeon (15/15)            Temple (1/1) D:7            Lair (5/5) D:10
  Swamp (0/4) Lair:3        Snake (1/4) Lair:2        Slime (0/5) Lair:5
    Orc (2/2) D:12            Elf (0/3) Orc:2        Vaults (0/5) D:14
 Depths (0/4) D:15

Altars:
Ashenzari
Cheibriados
Dithmenos
Fedhas
Gozag
Hepliaklqana
Kikubaaqudgha
Makhleb
Nemelex Xobeh
Okawaru
Qazlal
Ru
Sif Muna
Trog
Uskayaw
Vehumet
Wu Jian
Xom
Yredelemnul

Shops:
D:10 :[[?*   D:11 [:   Orc:2 (:(:

Portals:
Trove: D:12 (give +5 ice dragon scales)

Annotations:
D:9 3 runed translucent doors, exclusion: orange crystal statue, Jingleheimer's ghost, novice DsGl; mortz's ghost, novice DgCj
D:10 exclusion: orange crystal statue
D:15 exclusion: obsidian statue


Innate Abilities, Weirdness & Mutations

You have hooves in place of feet.
Your demonic aura often causes spilled blood to erupt in flames.
Your melee attacks may debilitate your foes.
When seriously injured, your blood forms thick armour. (AC +9)
Spells you cast may paralyse nearby enemies.
Your hexes are more powerful.


Message History

The naga sharpshooter magically shoots a bolt.
The bolt hits you.
* * * LOW HITPOINT WARNING * * *
You feel much better.
The naga sharpshooter shoots a bolt.
The bolt hits you!!
* * * LOW HITPOINT WARNING * * *
The naga sharpshooter is engulfed in blazing flames.
The naga sharpshooter shoots a bolt.
The bolt misses you.
The naga sharpshooter is engulfed in blazing flames.
The naga sharpshooter unwields a +0 battleaxe.
The naga sharpshooter wields a +0 shortbow.
The naga sharpshooter shoots an arrow.
The arrow misses you. [a] - 396 gold - resistance and invisibility [b] - 250 gold - resistance [c] - 192 gold - might and brilliance Purchase which effect?
You feel protected.
You fade into invisibility!
The naga sharpshooter shoots a bolt.
The bolt hits you.
* * * LOW HITPOINT WARNING * * *
The naga sharpshooter is engulfed in blazing flames.
The naga sharpshooter spits poison at you.
The splash of poison hits you. You resist.
* * * LOW HITPOINT WARNING * * *
The naga sharpshooter is engulfed in blazing flames.
The naga sharpshooter shoots an arrow.
The arrow barely misses you.
Okay, then.
Okay, then. [a] - 392 gold - haste and brilliance [b] - 672 gold - resistance, might and haste [c] - 276 gold - brilliance and magic Purchase which effect?
You feel yourself speed up.
You feel clever all of a sudden.
The naga sharpshooter gestures wildly while chanting.
The naga sharpshooter magically shoots a bolt.
The bolt hits you!
* * * LOW HITPOINT WARNING * * *
The naga sharpshooter is engulfed in blazing flames.
The naga sharpshooter shoots a bolt.
The bolt hits you!!
You die...
Your body crumbles into a pile of gold.

#....########
.#.....##.......=#
##....#............
##...##.............
#.......##..........
#..N.## #..........
#.N.# ##.........
#.○.# ###.........
#..@#####....####..#
#.N$☼........## ##.#
##......####..###.##
#...######........#
#...# ##..........
#...# #...........
#...#..............
#.#####.#..........
.# ##...........


You could see 3 naga sharpshooters.

Vanquished Creatures
  Rupert (D:15)
  Agnes (D:15)
  2 orc warlords
  Nessos (D:12)
  2 fire dragons (D:15)
  2 boulder beetles
  An ice dragon (D:15)
  3 hydras
  3 catoblepae
  A naga warrior (Snake:1)
  6 centaur warriors
  2 dancing weapons (D:14)
  Erica (Orc:1)
  7 two-headed ogres
  4 orc high priests (Orc:2)
  Amaemon (D:10)
  5 skeletal warriors
  2 bog bodies (Lair:3)
  5 deep elf pyromancers
  6 orc knights
  A lindwurm (Lair:3)
  A mana viper (Snake:1)
  2 wolf spiders (Lair:5)
  3 manticores
  5 ugly things
  3 cyclopes
  5 orc sorcerers
  A salamander (Snake:1)
  17 black mambas
  A guardian serpent (Lair:5)
  16 elephants
  A gargoyle (D:11)
  An orange demon (D:10)
  A cane toad (shapeshifter) (D:15)
  5 rime drakes
  17 cane toads
  10 komodo dragons
  2 unseen horrors
  3 kobold demonologists (D:14)
  An efreet (D:15)
  5 polar bears
  5 trolls
  3 meliai (D:15)
  2 hornets (Lair:5)
  16 blink frogs
  8 dream sheep
  13 slime creatures
  4 shadows
  18 wyverns
  2 wraiths
  29 yaks
  A steam dragon (D:9)
  A redback (Lair:5)
  3 vampire mosquitoes (D:14)
  5 wargs
  An acid dragon (D:11)
  3 nagas (Snake:1)
  A swamp worm (Lair:3)
  13 water moccasins
  50 orc warriors
  A meliai simulacrum (D:14)
  2 black bears
  15 ogres
  An ice beast (D:7)
  10 wolves
  8 centaurs
  A phantom (D:5)
  5 kobold brigands
  11 bullfrogs
  3 gnoll sergeants
  3 necrophages
  6 scorpions
  5 wights (D:8)
  6 killer bees (D:9)
  6 howler monkeys
  An electric eel (Lair:3)
  2 jellies
  A gnoll bouda (D:7)
  35 orc priests
  A hound (D:5)
  2 iguanas
  27 orc wizards
  A hell rat (D:10)
  Robin (D:2)
  17 gnolls
  9 adders
  A shadow imp (D:7)
  A white imp (D:6)
  2 ufetubi
  A worm (D:3)
  2 dart slugs
  131 orcs
  8 ball pythons
  8 endoplasms
  18 goblins
  6 hobgoblins
  5 jackals
  18 kobolds
  2 quokkas
  6 bats
  3 frilled lizards
  3 rats
730 creatures vanquished.

Vanquished Creatures (others)
  2 shadow imps (D:15)
  An ufetubus (D:15)
  A bush (Lair:5)
  42 fungi
  97 plants
  6 withered plants (D:9)
149 creatures vanquished.

Grand Total: 879 creatures vanquished

Notes
Turn   | Place    | Note
-------+----------+-------------------------------------------
     0 | D:1      | croobank the Demonspawn Conjurer began the quest for the
                  | Orb.
     0 | D:1      | Reached XP level 1. HP: 13/13 MP: 3/3
     2 | D:1      | Noticed a felid
     2 | D:1      | Noticed a merfolk
     4 | D:1      | Noticed a demonspawn
     4 | D:1      | Noticed a demigod
     6 | D:1      | Noticed a tengu
     6 | D:1      | Noticed a vine stalker
     8 | D:1      | Noticed a formicid
     8 | D:1      | Noticed a gargoyle
    10 | D:1      | Noticed a troll
    10 | D:1      | Noticed a spriggan
    12 | D:1      | Noticed an octopode
    12 | D:1      | Noticed a ghoul
    14 | D:1      | Noticed a vampire
    14 | D:1      | Noticed an elf
    16 | D:1      | Noticed a palentonga
    18 | D:1      | Noticed a draconian
    20 | D:1      | Noticed a meteoran
    22 | D:1      | Noticed an ogre
    22 | D:1      | Noticed a human
    24 | D:1      | Noticed a naga
    24 | D:1      | Noticed a minotaur
    26 | D:1      | Noticed an octopode
    26 | D:1      | Noticed a human
   266 | D:1      | Gained mutation: Spells you cast may paralyse adjacent
                  | enemies. [demonic ancestry]
   266 | D:1      | Reached XP level 2. HP: 19/19 MP: 3/5
   269 | D:1      | Learned a level 2 spell: Searing Ray
   899 | D:2      | Gained mutation: Your demonic aura sometimes causes spilled
                  | blood to erupt in flames. [demonic ancestry]
   899 | D:2      | Reached XP level 3. HP: 24/24 MP: 0/6
   969 | D:2      | Learned a level 3 spell: Dazzling Flash
  1310 | D:2      | Noticed Robin
  1418 | D:3      | Reached XP level 4. HP: 27/31 MP: 5/7
  1462 | D:2      | Killed Robin
  1558 | D:2      | Reached skill level 1 in Fighting
  1567 | D:2      | Reached skill level 1 in Hexes
  1568 | D:2      | Found a stormy altar of Qazlal.
  1718 | D:2      | Reached XP level 5. HP: 37/37 MP: 6/9
  3533 | D:4      | Gained mutation: When seriously injured, your blood forms
                  | armour. (AC +9) [demonic ancestry]
  3533 | D:4      | Reached XP level 6. HP: 40/44 MP: 1/10
  4355 | D:5      | Entered Level 5 of the Dungeon
  4365 | D:5      | Reached skill level 5 in Conjurations
  4441 | D:5      | Gained mutation: Spells you cast may paralyse nearby
                  | enemies. [demonic ancestry]
  4441 | D:5      | Reached XP level 7. HP: 51/51 MP: 4/12
  4762 | D:5      | Identified a scroll of acquirement
  4762 | D:5      | Acquired the +3 pair of boots of Broken Taboos {Drain rN+
                  | Slay+3}
  5690 | D:6      | Reached XP level 8. HP: 58/58 MP: 8/14
  7408 | D:7      | Found a staircase to the Ecumenical Temple.
  7526 | Temple   | Entered the Ecumenical Temple
  7646 | Temple   | Became a worshipper of Gozag Ym Sagoz the Greedy
  7953 | D:7      | Reached skill level 5 in Stealth
  8090 | D:7      | Gained mutation: You have large cloven feet. [demonic
                  | ancestry]
  8090 | D:7      | Reached XP level 9. HP: 66/66 MP: 4/16
  8611 | D:8      | Found a burning altar of Makhleb.
  8731 | D:7      | Reached skill level 5 in Spellcasting
  9456 | D:8      | Reached skill level 5 in Dodging
  9554 | D:8      | Reached skill level 5 in Fighting
  9824 | D:8      | Reached skill level 5 in Hexes
 10442 | D:9      | Noticed an orange crystal statue
 10460 | D:9      | Found a runed translucent gate.
 10460 | D:9      | Found a runed translucent gate.
 10460 | D:9      | Found a runed translucent gate.
 10529 | D:9      | Noticed Jingleheimer's ghost (novice DsGl)
 10529 | D:9      | Noticed mortz's ghost (novice DgCj)
 10571 | D:9      | Noticed a two-headed ogre
 10580 | D:9      | Killed a two-headed ogre
 10581 | D:9      | Gained mutation: You have hoof-like feet. [demonic
                  | ancestry]
 10581 | D:9      | Reached XP level 10. HP: 72/76 MP: 14/18
 10698 | D:9      | Learned a level 4 spell: Iskenderun's Mystic Blast
 10882 | D:9      | You fall into a shaft and drop 1 floor!
 10882 | D:10     | Entered Level 10 of the Dungeon
 11217 | D:10     | Noticed an orange crystal statue
 11224 | D:10     | Noticed a death yak
 11224 | D:10     | Noticed Amaemon
 11224 | D:10     | Noticed an orange demon
 11482 | D:9      | Reached skill level 1 in Translocations
 11707 | D:10     | Found Cokkariv's General Store.
 11710 | D:10     | Bought a potion of invisibility for 128 gold pieces
 12299 | D:10     | Found Kiestre's Armour Shoppe.
 12316 | D:10     | Bought a +2 troll leather armour for 351 gold pieces
 12448 | D:10     | Noticed a two-headed ogre
 12465 | D:10     | Killed a two-headed ogre
 12948 | D:10     | Killed Amaemon
 12952 | D:10     | Noticed a death yak
 12952 | D:10     | Noticed a death yak
 12972 | D:10     | Learned a level 2 spell: Poisonous Vapours
 12980 | D:10     | Killed an orange demon
 13244 | D:11     | Noticed a cyclops
 13260 | D:11     | Killed a cyclops
 13355 | D:11     | Found Anur Ocygoc's Vocational Training.
 13474 | D:11     | Gained mutation: You have hooves in place of feet. [demonic
                  | ancestry]
 13474 | D:11     | Reached XP level 11. HP: 66/66 MP: 8/21
 13512 | D:11     | Reached skill level 1 in Poison Magic
 14092 | D:11     | Found Zietzisi's Armour Shoppe.
 14212 | D:11     | Bought the -2 hat of the Alchemist {rElec rPois rF+ rC+ rN+
                  | Will+ rMut rCorr} for 708 gold pieces
 14212 | D:11     | Found the -2 hat of the Alchemist {rElec rPois rF+ rC+ rN+
                  | Will+ rMut rCorr}
 14846 | D:12     | Found a staircase to the Orcish Mines.
 14886 | D:12     | Noticed a brown ugly thing
 15082 | D:12     | Noticed a deep elf pyromancer
 15086 | D:12     | Killed a deep elf pyromancer
 15251 | D:12     | Identified the +6 short sword "Xups" {vorpal, rElec Str+2
                  | Int-5 Dex+7}
 15362 | D:12     | Killed a brown ugly thing
 15647 | D:12     | Noticed a deep elf pyromancer
 15655 | D:12     | Killed a deep elf pyromancer
 15663 | D:12     | Identified the +1 helmet of the Sea {*Slow rF++ rN++}
 15689 | D:12     | Found a portal to a secret trove of treasure.
 15737 | D:12     | Noticed Nessos
 15747 | D:12     | Killed Nessos
 16223 | D:13     | Noticed a two-headed ogre
 16234 | D:13     | Killed a two-headed ogre
 16730 | D:13     | Noticed a deep elf pyromancer
 16739 | D:13     | Killed a deep elf pyromancer
 16740 | D:13     | Gained mutation: Your demonic aura often causes spilled
                  | blood to erupt in flames. [demonic ancestry]
 16740 | D:13     | Reached XP level 12. HP: 91/92 MP: 8/23
 16837 | D:13     | Noticed a boulder beetle
 16851 | D:13     | Killed a boulder beetle
 17464 | D:14     | Noticed a centaur warrior
 17578 | D:10     | Found Qiotyhuli's Armour Emporium.
 17637 | D:10     | Found Zullyall's Magic Scroll Shop.
 17641 | D:10     | Bought 2 scrolls of blinking for 225 gold pieces
 17641 | D:10     | Bought a scroll of silence for 142 gold pieces
 17641 | D:10     | Bought a scroll of teleportation for 45 gold pieces
 17641 | D:10     | Bought a scroll of teleportation for 45 gold pieces
 17641 | D:10     | Bought a scroll of teleportation for 45 gold pieces
 17656 | D:10     | Found a staircase to the Lair.
 17796 | D:10     | Found Ypre's Book Boutique.
 17957 | Lair:1   | Entered Level 1 of the Lair of Beasts
 17972 | Lair:1   | Reached skill level 5 in Translocations
 20265 | Lair:2   | Found a staircase to the Snake Pit.
 20300 | Lair:2   | Reached skill level 10 in Conjurations
 20610 | Lair:2   | Reached skill level 5 in Poison Magic
 20905 | Lair:2   | Gained mutation: When seriously injured, your blood forms
                  | thick armour. (AC +9) [demonic ancestry]
 20905 | Lair:2   | Reached XP level 13. HP: 89/101 MP: 15/25
 21988 | Lair:3   | Reached skill level 10 in Stealth
 22241 | Lair:3   | Identified the +1 ring mail of Precision Catastrophes {Harm
                  | *Corrode rF+ rC++}
 22783 | Lair:3   | Found a staircase to the Swamp.
 22988 | Lair:4   | Reached skill level 10 in Fighting
 23982 | Lair:5   | Entered Level 5 of the Lair of Beasts
 24860 | Lair:5   | Reached skill level 10 in Spellcasting
 24876 | Lair:5   | Reached skill level 10 in Dodging
 25061 | Lair:5   | Gained mutation: Your hexes are more powerful. [demonic
                  | ancestry]
 25061 | Lair:5   | Reached XP level 14. HP: 101/111 MP: 2/28
 25855 | Lair:5   | Found a staircase to the Slime Pits.
 27545 | Lair:5   | Learned a level 1 spell: Beastly Appendage
 27550 | Lair:5   | Learned a level 4 spell: Olgreb's Toxic Radiance
 27553 | Lair:5   | Learned a level 2 spell: Wereblood
 27715 | Orc:1    | Entered Level 1 of the Orcish Mines
 27733 | Orc:1    | Noticed Erica
 27820 | Orc:1    | Killed Erica
 28443 | Orc:2    | Entered Level 2 of the Orcish Mines
 29147 | Orc:1    | Noticed an orc warlord
 29169 | Orc:1    | Killed an orc warlord
 29768 | Orc:2    | Noticed an orc warlord
 30133 | Orc:2    | Found Zigular's Antique Weapon Boutique.
 30430 | Orc:2    | Found Ochoocs's Book Shop.
 30439 | Orc:2    | Bought a book of Beasts for 608 gold pieces
 30674 | Orc:2    | Killed an orc warlord
 30678 | Orc:2    | Reached skill level 1 in Summonings
 31009 | Orc:2    | Found a staircase to the Elven Halls.
 31395 | Orc:2    | Found Lethrut's Book Emporium.
 31523 | Orc:2    | Found Vot Waoz's Weapon Boutique.
 31540 | Orc:2    | Gained mutation: Your melee attacks may debilitate your
                  | foes. [demonic ancestry]
 31540 | Orc:2    | Reached XP level 15. HP: 105/120 MP: 3/29
 34736 | D:14     | Found a gate to the Vaults.
 34859 | D:14     | Found an ornate altar of the Wu Jian Council.
 34913 | D:15     | Entered Level 15 of the Dungeon
 34953 | D:15     | Noticed Rupert
 34954 | D:15     | Noticed Agnes
 34967 | D:15     | Killed Rupert
 34975 | D:15     | Killed Agnes
 35828 | D:15     | Reached skill level 5 in Summonings
 36324 | D:15     | Found a staircase to the Depths.
 36656 | D:15     | Learned a level 5 spell: Summon Mana Viper
 36831 | Snake:1  | Entered Level 1 of the Snake Pit
 37084 | Snake:1  | Shot with a bolt by a naga sharpshooter

Illustrated notes

Levels and vault maps discovered:
D:1:      kb_arrival_jail, layout_rooms, grunt_decor_junction, dk_noncrumbling_4
D:2:      layout_basic, basic_altar, uniq_robin
D:3:      layout_loops_ring, kennysheep_generic_room_15
D:4:      layout_rooms, serial_forest, infiniplex_forest_clump_small,
          infiniplex_forest_fountain, infiniplex_forest_end_1,
          infiniplex_forest_clump_medium
D:5:      layout_basic, serial_bayou_lake_a
D:6:      layout_cave_pods, chequers_serial_rivers_large_b
D:7:      layout_basic, minmay_temple_entry_butterflies
D:8:      layout_rooms, bloody_makhleb, minivault_10, st_stairs_8
D:9:      layout_basic, gammafunk_ghost_cemetery, minivault_16
D:10:     layout_stronghold, dpeg_lair_monsters, serial_shops,
          nicolae_shop_hallway_stairs, nicolae_stop_n_shop_1,
          nicolae_shop_behind_doors, shop, shop, minivault_16,
          nicolae_elevator_lobby_plus, uniq_amaemon
D:11:     layout_loops_ring, serial_shops, nicolae_stop_n_shop_1,
          grunt_ministairs_12, nicolae_shop_vocational
D:12:     layout_basic, erik_orc_4, enter_trove_6, uniq_nessos
D:13:     layout_gridville, minmay_misc_feat_four_crosses
D:14:     layout_basic, erik_vaults_1, nzn_wu_jian_council_hall
D:15:     grunt_enter_depths_hoard, layout_loops_corners, minivault_11,
          hangedman_devilish_allure, uniq_rupert, uniq_agnes
Temple:   mainiacjoe_temple_circle_huts
Lair:1:   layout_regular_city, lemuel_old_faithful, infiniplex_staircase_pool_2
Lair:2:   layout_misc_corridors, minmay_snake_entry_six_corridors
Lair:3:   layout_misc_corridors, nicolae_swamp_entry_splash_gauntlet
Lair:4:   layout_roguey
Lair:5:   hangedman_lair_tendril_chambers, layout_concentric_octagons,
          slime_entry_1, gauntlet_entry_generic, st_stairs_3
Snake:1:  layout_chambers, gammafunk_ghost_cemetery, grunt_ministairs_1
Orc:1:    nicolae_orc_accident_1, layout_caves, special_room [special_room_orc],
          uniq_erica
Orc:2:    pubby_orc_utopia

Skill      XL: |  1  2  3  4  5  6  7  8  9 10 11 12 13 14 15 |
---------------+----------------------------------------------+-----
Dodging        | 2 3 4 5 6 7 8 10 11 | 11.9
Stealth        | 2 3 4 5 6 7 8 9 11 12 | 12.8
Fighting       | 1 2 3 4 5 6 7 9 10 12 | 12.7
Hexes          | 1 2 3 4 5 |  5.0
Spellcasting   | 3 4 5 6 7 8 10 11 | 11.1
Conjurations   | 5 6 7 8 9 10 | 10.0
Translocations | 3 4 5 |  5.0
Poison Magic   | 3 5 6 7 |  7.0
Summonings     | 2 5 |  5.8

Action                   |  1- 3 |  4- 6 |  7- 9 | 10-12 | 13-15 || total
-------------------------+-------+-------+-------+-------+-------++-------
Melee: Dagger            |     7 |    34 |    83 |   258 |   144 ||   526
       Punch             |       |       |     4 |     8 |    11 ||    23
       Kick              |       |       |       |    68 |   224 ||   292
       Short sword       |       |       |       |       |   447 ||   447
       Headbutt          |       |       |       |       |     8 ||     8
 Cast: Magic Dart        |    53 |    80 |   100 |   147 |    83 ||   463
       Searing Ray       |     4 |    29 |    73 |    75 |    51 ||   232
       Dazzling Flash    |       |       |       |    35 |    46 ||    81
       Poisonous Vapours |       |       |       |     2 |    19 ||    21
       Iskenderun's Myst |       |       |       |   115 |   301 ||   416
       Olgreb's Toxic Ra |       |       |       |       |    32 ||    32
       Wereblood         |       |       |       |       |     5 ||     5
       Beastly Appendage |       |       |       |       |     4 ||     4
Invok: Potion Petition   |       |       |       |       |     2 ||     2
Evoke: Wand              |       |       |     2 |     3 |    10 ||    15
       Lightning rod     |       |       |       |       |     2 ||     2
  Use: Potion            |       |     2 |       |     2 |    13 ||    17
       Scroll            |       |    17 |     7 |     4 |    12 ||    40
 Stab: Sleeping          |     1 |     2 |     3 |     4 |    26 ||    36
       Paralysed         |       |     5 |    18 |    57 |    92 ||   172
       Invisible         |       |       |       |     4 |    17 ||    21
       Distracted        |       |       |       |     1 |    12 ||    13
       Petrified         |       |       |       |       |     2 ||     2
Armor: Robe              |    16 |    11 |    30 |    17 |       ||    74
       Skin              |       |       |     3 |       |       ||     3
       Troll leather arm |       |       |       |    73 |   150 ||   223
Dodge: Dodged            |    18 |    25 |   111 |   309 |   667 ||  1130
